 Dungeon Crawl Stone Soup version 0.20.1 (webtiles) character file.

318 robba the Magician (level 6, 0/32 HPs)
             Began as a Deep Elf Wizard on July 2, 2017.
             Slain by an ice beast (8 damage)
             ... on level 4 of the Dungeon.
             The game lasted 00:29:59 (2742 turns).

robba the Magician (Deep Elf Wizard)                Turns: 2742, Time: 00:30:03

Health: 0/32       AC:  7    Str:  4    XL:     6   Next: 21%
Magic:  0/18       EV: 12    Int: 28    God:
Gold:   198        SH:  0    Dex: 13    Spells: 15/19 levels left

rFire    + . .     SeeInvis .   x - +0 short sword
rCold    . . .     Gourm    .   (no shield)
rNeg     . . .     Faith    .   w - +2 leather armour
rPois    +         Spirit   +   b - +2 hat
rElec    .         Reflect  .   (no cloak)
rCorr    .         Harm     .   (no gloves)
MR       .....                  (no boots)
Stlth    +++.......             y - amulet of guardian spirit
Regen    0.1/turn               k - ring of stealth
MPRegen  0.2/turn               f - +3 ring of intelligence

@: lethally poisoned (0 -> -2), very slightly contaminated
A: fire resistance 1, poison resistance, no potion heal 1
a: no special abilities


You were on level 4 of the Dungeon.
You were not hungry.

You visited 1 branch of the dungeon, and saw 4 of its levels.

You collected 198 gold pieces.

Inventory:

Hand Weapons
 x - a +0 short sword (weapon)
Missiles
 a - 3 tomahawks of returning
 g - 180 stones (quivered)
Armour
 b - a +2 hat (worn)
 w - a +2 leather armour (worn)
Jewellery
 f - a +3 ring of intelligence (right hand)
 k - a ring of stealth (left hand)
 l - an uncursed amulet of faith
 y - an amulet of guardian spirit (around neck)
Scrolls
 j - a scroll of amnesia
 n - a scroll of blinking {unknown}
 o - a scroll of remove curse
 p - a scroll of immolation {unknown}
 q - 2 scrolls of fog {unknown}
 s - a scroll of recharging {unknown}
Potions
 e - a potion of flight {unknown}
 h - 2 potions of mutation
 u - a potion of curing {unknown}
 v - 2 potions of cancellation
Books
 c - a book of Minor Magic

   Spells                             Type                      Level
   a - Magic Dart                     Conjuration                  1
   b - Blink                          Translocation                2
   c - Call Imp                       Summoning                    2
   d - Slow                           Hexes                        2
   e - Conjure Flame                  Conjuration/Fire             3
   f - Mephitic Cloud                 Conjuration/Poison/Air       3
 t - a book of Cantrips

   Spells                             Type                      Level
   a - Confusing Touch                Hexes                        1
   b - Animate Skeleton               Necromancy                   1
   c - Summon Small Mammal            Summoning                    1
   d - Apportation                    Translocation                1
Comestibles
 d - 4 bread rations
 i - 2 royal jellies
 m - 3 meat rations
 r - 3 chunks of flesh


   Skills:
 + Level 0.1 Fighting
 + Level 0.2 Armour
 + Level 3.1 Dodging
 + Level 2.8 Stealth
 + Level 7.2 Spellcasting
 + Level 2.6 Conjurations
 + Level 3.5 Summonings
   Level 1.1 Translocations


You had 15 spell levels left.
You knew the following spells:

 Your Spells              Type           Power        Failure   Level  Hunger
a - Magic Dart            Conj           ####         3%          1    None
b - Call Imp              Summ           ####....     3%          2    None
c - Summon Small Mammal   Summ           ####         2%          1    None


Dungeon Overview and Level Annotations

Branches:
Dungeon (4/15)
 Temple: D:4-7

Altars:


Innate Abilities, Weirdness & Mutations

Your flesh is heat resistant. (rF+)
Your system is resistant to poisons. (rPois)
Potions are less effective at restoring your health.


Message History

Casting: Magic Dart
Confirm with . or Enter, or press ? or * to list all spells.
Aiming: Magic Dart
Press: ? - help, Shift-Dir - straight line, f/p - ice beast
Aim: an ice beast (moderately wounded)
The magic dart hits the ice beast.
The ice beast is moderately wounded.
The ice beast barely misses you.
Casting: Magic Dart
Confirm with . or Enter, or press ? or * to list all spells.
Aiming: Magic Dart
Press: ? - help, Shift-Dir - straight line, f/p - ice beast
Aim: an ice beast (moderately wounded)
The magic dart hits the ice beast.
The ice beast is heavily wounded.
Your crimson imp blinks!
The ice beast hits you.
* * * LOW HITPOINT WARNING * * *
The ice beast freezes you!
You die...

#.# #.# #.# ## #.# ..
#)# ## . #.# ...
########.###
.....####Z.........###.#
#......@Ya§.††.#........
#.#.#####......###.###..
......§...# #......
.###.#5...# #......
#.#....# #....##
#.#....# #....##
#.#....# #.....# .#....#
##....# #....#


You could see an ice beast, a worker ant, a howler monkey skeleton and a
friendly crimson imp.

Vanquished Creatures
  2 ogres
  A howler monkey (D:4)
  An iguana (D:4)
  3 adders
  An ooze (D:2)
  A worm (D:2)
  3 dart slugs (D:1)
  An orc (D:4)
  4 giant cockroaches
  7 goblins
  8 hobgoblins (D:1)
  A jackal (D:4)
  2 quokkas (D:2)
  A ball python (D:2)
  5 bats
  8 frilled lizards
  4 kobolds
  9 rats
62 creatures vanquished.

Vanquished Creatures (collateral kills)
  Natasha (twice) (D:2)
  A worker ant (D:4)
  2 adders
  3 oozes
  An adder skeleton (D:4)
  A bat (D:2)
  A giant cockroach (D:2)
  2 hobgoblins (D:2)
  3 jackals (D:4)
  A ball python (D:3)
  2 kobolds
19 creatures vanquished.

Grand Total: 81 creatures vanquished

Notes
Turn   | Place    | Note
-------+----------+-------------------------------------------
     0 | D:1      | robba the Deep Elf Wizard began the quest for the Orb.
     0 | D:1      | Reached XP level 1. HP: 10/10 MP: 7/7
   144 | D:1      | Reached skill level 5 in Spellcasting
   242 | D:1      | Reached XP level 2. HP: 15/15 MP: 5/10
   552 | D:1      | Learned a level 1 spell: Magic Dart
   555 | D:1      | Learned a level 2 spell: Call Imp
   745 | D:1      | Reached XP level 3. HP: 19/19 MP: 10/12
  1358 | D:2      | Noticed Natasha
  1366 | D:2      | Killed Natasha
  1366 | D:2      | Reached skill level 6 in Spellcasting
  1366 | D:2      | Reached XP level 4. HP: 12/24 MP: 4/14
  1710 | D:2      | Noticed Natasha
  1724 | D:2      | Killed Natasha
  2277 | D:3      | Reached XP level 5. HP: 28/28 MP: 14/16
  2308 | D:3      | Learned a level 1 spell: Summon Small Mammal
  2390 | D:3      | Noticed an ogre
  2436 | D:3      | Killed an ogre
  2591 | D:4      | Noticed an ogre
  2596 | D:4      | Killed an ogre
  2626 | D:4      | Reached skill level 7 in Spellcasting
  2626 | D:4      | Reached XP level 6. HP: 32/32 MP: 14/18
  2717 | D:4      | Noticed an ice beast
  2739 | D:4      | Gained mutation: Your flesh is heat resistant. (rF+) [potion of mutation]
  2739 | D:4      | Gained mutation: Potions are less effective at restoring your health. [potion of mutation]
  2739 | D:4      | Gained mutation: Your system is resistant to poisons. (rPois) [potion of mutation]
  2742 | D:4      | Slain by an ice beast

Skill      XL: |  1  2  3  4  5 |
---------------+----------------+-----
Spellcasting   | 5 6 7 |  7.2
Conjurations   | 2 |  2.6
Dodging        | 3 |  3.1
Summonings     | 3 |  3.5
Fighting       | |  0.1
Armour         | |  0.2
Stealth        | |  2.8
Translocations | |  1.1

Action                   |  1- 3 |  4- 6 || total
-------------------------+-------+-------++-------
Melee: Unarmed           |     6 |       ||     6
       Short sword       |       |    21 ||    21
       Dagger            |       |     3 ||     3
 Cast: Magic Dart        |    90 |    61 ||   151
       Call Imp          |     3 |    26 ||    29
       Summon Small Mamm |       |    15 ||    15
  Use: Scroll            |     5 |    10 ||    15
       Potion            |       |     1 ||     1
 Stab: Distracted        |       |     1 ||     1
  Eat: Chunk             |     1 |     3 ||     4
       Meat ration       |       |     1 ||     1
Armor: Robe              |     4 |     2 ||     6
       Leather armour    |       |    22 ||    22
Dodge: Dodged            |    14 |    46 ||    60
